 Dungeon Crawl Stone Soup version 0.31-a0-542-gdc2a67831c (webtiles) character file.

Game seed: 27061712787679338

109167 Demosthentine the Unforgettable (level 16, -2/120 HPs)
             Began as a Demonspawn Gladiator on Aug 14, 2023.
             Was the Champion of Hepliaklqana.
             Killed from afar by a will-o-the-wisp (9 damage)
             ... with a foxfire
             ... on level 2 of the Swamp.
             The game lasted 00:52:15 (28376 turns).

Demosthentine the Unforgettable (DsGl)             Turns: 28376, Time: 00:52:15

Health: -2/120     AC: 23    Str: 17    XL:     16   Next: 4%
Magic:  28/28      EV: 20    Int: 12    God:    Hepliaklqana [******]
Gold:   2139       SH:  0    Dex: 18    Spells: 15/15 levels left

rFire   + + .        a - +1 trident (elec)
rCold   + . .        (no shield)
rNeg    . . .        k - +3 leather armour {rPois}
rPois   +            B - +0 helmet of Wonn {Fly rF++}
rElec   .            j - +1 cloak
rCorr   .            J - +0 pair of gloves
SInv    +            (boots unavailable)
Will    +....        b - amulet of regeneration
Stlth   +            m - ring of protection from cold
HPRegen 1.20/turn    A - ring of see invisible
MPRegen 0.21/turn

%: no passive effects
@: sanguine armoured, flying
A: reduced essence, hooves 3, foul stench 2, sanguine armour 3, demonic magic 1
a: Renounce Religion, Recall Ancestor, Ancestor Identity, Transference, Idealise


You were on level 2 of the Swamp.
You worshipped Hepliaklqana.
Hepliaklqana was exalted by your worship.
You visited 5 branches of the dungeon, and saw 25 of its levels.
You also visited: Ossuary.

You collected 2805 gold pieces.
You spent 666 gold pieces at shops.

Inventory:

Hand Weapons
 a - a +1 trident of electrocution (weapon)
Missiles
 t - 2 throwing nets
Armour
 d - the +1 leather armour of the King of the Hill {rF+ Will+}
   (You took it off an orc on level 6 of the Dungeon)

   rF+:       It protects you from fire.
   Will+:     It increases your willpower.
 j - a +1 cloak (worn)
 k - a +3 leather armour of poison resistance (worn)
 n - a +0 buckler
 B - the +0 helmet of Wonn (worn) {Fly rF++}
   (You found it on level 5 of the Lair of Beasts)

   rF++:      It greatly protects you from fire.
   Fly:       It grants you flight.
 J - a +0 pair of gloves (worn)
Jewellery
 b - an amulet of regeneration (around neck)
 g - the ring of Gucuenoa {Wiz rElec Str+2 Int+5}
   (You acquired it on level 2 of the Lair of Beasts)

   [ring of wizardry]

   Wiz:       It improves your spell success rate.
   Str+2:     It affects your strength (+2).
   Int+5:     It affects your intelligence (+5).
   rElec:     It insulates you from electricity.
 m - a ring of protection from cold (left hand)
 z - an amulet of reflection
 A - a ring of see invisible (right hand)
Wands
 c - a wand of quicksilver (6)
 f - a wand of iceblast (30)
 p - a wand of digging (6)
 x - a wand of flame (26)
Scrolls
 e - a scroll of blinking
 h - 2 scrolls of teleportation
 l - 5 scrolls of revelation
 r - a scroll of poison
 s - a scroll of brand weapon
 v - 4 scrolls of fog
 y - 3 scrolls of fear
 C - a scroll of amnesia
 F - a scroll of summoning
Potions
 i - a potion of might
 o - 2 potions of invisibility
 q - 4 potions of haste
 u - 3 potions of heal wounds
 w - 5 potions of enlightenment
 D - 16 potions of curing
 H - a potion of cancellation


   Skills:
 + Level 14.9 Fighting
 + Level 13.9 Polearms
 - Level 1.7 Throwing
 - Level 6.6 Armour
 + Level 13.9 Dodging
 + Level 2.2 Shields
 - Level 16.2 Invocations


You had 15 spell levels left.
You didn't know any spells.
Your spell library contained the following spells:

 Spells                   Type           Power      Damage    Failure   Level
 Apportation              Tloc           0%         N/A       36%         1
 Foxfire                  Conj/Fire      0%         2x1d4     36%         1
 Kiss of Death            Conj/Necr      0%         2d5       36%         1
 Necrotise                Necr           0%         1d4       36%         1
 Sandblast                Erth           0%         2d4       36%         1
 Shock                    Conj/Air       0%         1d3       36%         1
 Blink                    Tloc           0%         N/A       52%         2
 Cigotuvi's Dreadful Rot  Necr/Pois/Air  0%         N/A       52%         2
 Lesser Beckoning         Tloc           0%         N/A       52%         2
 Momentum Strike          Conj/Tloc      0%         3d8       52%         2
 Passwall                 Tmut/Erth      0%         N/A       52%         2
 Confusing Touch          Hex            0%         N/A       75%         3
 Ignite Poison            Fire/Tmut/Pois 0%         N/A       75%         3
 Stone Arrow              Conj/Erth      0%         3d7       75%         3
 Swiftness                Air            0%         N/A       75%         3
 Vampiric Draining        Necr           0%         2d6       75%         3
 Airstrike                Air            0%         2d(0-16)  98%         4
 Dispel Undead            Necr           0%         3d6       98%         4
 Passage of Golubria      Tloc           0%         N/A       98%         4
 Petrify                  Tmut/Erth      0%         N/A       98%         4
 Sticky Flame             Conj/Fire      0%         2d3       98%         4
 Agony                    Necr           0%         N/A       100%        5
 Alistair's Intoxication  Tmut/Pois      0%         N/A       100%        5
 Freezing Cloud           Conj/Ice/Air   0%         6-21      100%        5
 Silence                  Hex/Air        0%         N/A       100%        5
 Summon Forest            Summ/Tloc      0%         N/A       100%        5
 Conjure Ball Lightning   Conj/Air       0%         3x3d6     100%        6
 Eringya's Noxious Bog    Tmut/Pois      0%         4d6       100%        6
 Plasma Beam              Fire/Air       0%         2x1d10    100%        6
 Starburst                Conj/Fire      0%         6d3       100%        6
 Summon Hydra             Summ           0%         N/A       100%        7
 Ignition                 Fire           0%         3d3       100%        8
 Lehudib's Crystal Spear  Conj/Erth      0%         10d2      100%        8


Dungeon Overview and Level Annotations

Branches:
Dungeon (15/15)            Temple (1/1) D:4            Lair (5/5) D:11
  Swamp (2/4) Lair:3       Spider (0/4) Lair:2        Slime (0/5) Lair:5
    Orc (2/2) D:12            Elf (0/3) Orc:2        Vaults (0/5) D:14
 Depths (0/4) D:15        Ossuary (visited)

Altars:
Ashenzari
Cheibriados
Dithmenos
Fedhas
Gozag
Hepliaklqana
Kikubaaqudgha
Makhleb
Nemelex Xobeh
Okawaru
Qazlal
Ru
Sif Muna
Trog
Uskayaw
Vehumet
Wu Jian
Xom
Yredelemnul

Shops:
D:1 (   D:6 :   D:9 ?   D:11 =:   Orc:2 !!*:

Annotations:
Lair:1 2 transporters


Innate Abilities, Weirdness & Mutations

Your life essence is reduced to manifest your ancestor. (-10% HP)
You have hooves in place of feet.
You sometimes emit foul miasma when damaged in melee.
When seriously injured, your blood forms very thick armour. (AC +12)
Spells you cast may paralyse adjacent enemies.


Message History

The will-o-the-wisp gestures.
The will-o-the-wisp conjures some foxfire!
The swamp drake closely misses you.
The goliath frog completely misses you. 2 foxfires come into view.
Unknown command.
The foxfire hits you. You resist. The bunyip closely misses you. x2
The bunyip claws you!!!
* * * LOW HITPOINT WARNING * * *
The foxfire hits you. You resist.
* * * LOW HITPOINT WARNING * * *
Unknown command.
The will-o-the-wisp gestures.
The will-o-the-wisp conjures some foxfire!
The eleionoma flows through the trees.
The goliath frog hits you.
* * * LOW HITPOINT WARNING * * *
You are splashed with acid!
* * * LOW HITPOINT WARNING * * *
A foxfire comes into view.
Unknown command.
The goliath frog attacks as you move away!
The goliath frog completely misses you.
Found a ring mail.
Your surroundings suddenly seem different.
A foxfire comes into view.
The foxfire hits you. You resist.
* * * LOW HITPOINT WARNING * * *
The foxfire hits you. You resist.
* * * LOW HITPOINT WARNING * * *
The will-o-the-wisp gestures.
The will-o-the-wisp conjures some foxfire! 2 foxfires come into view.
Found a scale mail.
The will-o-the-wisp gestures.
The will-o-the-wisp conjures some foxfire!
The foxfire hits you. You resist.
* * * LOW HITPOINT WARNING * * *
The foxfire moves out of view.
A foxfire comes into view.
A foxfire comes into view.
Found a scroll of fog.
The foxfire hits you! You resist.
You die...

.~~~. ♣♣.. #+##
.~.....~♣♣ ♣♣?..
...##$...~..~♣.♣ ..#..
.÷.##..♣~~...... ..[.
#...§§...~♣~....
#..##..§#v§.~~~♣♣.~.
#...#.v§§.v....~...♣♣
#....§##)...♣.♣♣~..♣ [
##.@v##F.....~..~...
♣..#####..x[.....~~~..
.......R..k.........~.
♣.......♣F.~........~.
♣♣..♣.~...~~~.~~..~~..
♣♣ ♣♣.~~.~~~~~~.~~~~.
♣..~~~~~.....~~~..
♣♣..~~~~~.♣♣.~~~..
♣♣.~~~~~♣♣♣.~~~.~


You could see a will-o-the-wisp.

Vanquished Creatures
  Rupert (Orc:2)
  A frost giant (D:13)
  Azrael (D:14)
  A dire elephant (Lair:5)
  The ghost of spiderkeys the Geomancer, a journeyman OpSh of Gozag (D:13)
  Josephine (D:10)
  Erolcha (Orc:2)
  3 hydras
  2 catoblepae
  4 centaur warriors
  An alligator (Swamp:1)
  4 two-headed ogres
  A tengu warrior (D:15)
  6 death yaks (Lair:5)
  2 orc high priests (Orc:2)
  Nergalle (Orc:1)
  A spectral death yak (Lair:5)
  A goliath frog (Swamp:1)
  4 skeletal warriors
  A spectral anaconda (Lair:5)
  12 slime creatures
  2 wizards (D:14)
  3 bog bodies
  A spriggan druid (Swamp:2)
  3 orc knights (Orc:2)
  An obsidian statue (Lair:5)
  A deep elf zephyrmancer (D:15)
  6 deep elf pyromancers
  A necromancer (D:15)
  6 ugly things
  3 manticores
  3 orc sorcerers (Orc:2)
  4 cyclopes
  13 elephants
  4 black mambas
  A dire elephant zombie (Lair:5)
  A centaur skeleton (D:15)
  Maggie (D:9)
  7 komodo dragons
  5 cane toads
  2 dire elephant skeletons (Lair:5)
  7 rime drakes
  An efreet (D:14)
  2 freezing wraiths (D:15)
  A troll (shapeshifter) (D:13)
  A troll (D:10)
  Prince Ribbit (D:7)
  2 tyrant leeches
  4 hornets
  A tarantella (Lair:2)
  3 blink frogs (Lair:1)
  2 spectral elephants (Lair:5)
  A meliai zombie (D:15)
  5 dream sheep (Lair:5)
  3 shadows (D:12)
  A jumping spider (Lair:2)
  4 spriggans
  5 wraiths
  41 yaks
  2 vampires
  3 basilisks
  3 fire elementals
  13 vampire mosquitoes
  5 wyverns
  A redback (Lair:2)
  2 death yak simulacra (Lair:5)
  5 swamp worms
  2 wargs (Orc:2)
  3 spectral cane toads (Lair:5)
  An acid dragon (D:11)
  A hell hound (D:13)
  15 water moccasins
  5 swamp drakes
  2 sky beasts
  An ice beast (D:7)
  12 orc warriors
  A black bear (D:6)
  5 boggarts (D:14)
  2 elephant zombies (Lair:5)
  9 centaurs
  4 wolves (Lair:1)
  9 ogres
  Blork the orc (D:4)
  2 kobold brigands (D:8)
  9 bullfrogs
  4 scorpions (D:5)
  3 cane toad simulacra (Lair:5)
  14 wights
  9 killer bees
  A howler monkey (D:6)
  3 bullfrog zombies (Ossuary)
  2 hounds (D:4)
  3 centaur zombies (Ossuary)
  A gnoll bouda (D:7)
  6 orc priests
  5 jellies
  3 sleepcaps
  16 orc wizards
  Ijyb (D:5)
  2 iguanas
  4 hell rats (Lair:5)
  A boggart skeleton (D:15)
  6 ogre zombies (D:12)
  5 gnolls
  4 adders
  2 shadow imps
  A white imp (D:5)
  An adder zombie (Ossuary)
  A worm (D:2)
  2 dart slugs
  29 orcs
  9 ball pythons
  6 bats
  13 endoplasms
  6 giant cockroaches
  3 goblins
  4 hobgoblins (D:3)
  6 jackals
  6 quokkas
  4 frilled lizards
  2 gnoll zombies (Ossuary)
  4 goblin zombies
  A hobgoblin skeleton (D:12)
  5 hobgoblin zombies
  19 kobolds
  4 orc skeletons (D:12)
  11 orc zombies (D:12)
  4 rats
557 creatures vanquished.

Vanquished Creatures (collateral kills)
  An eleionoma (Swamp:2)
  3 hydras
  A death knight (D:15)
  3 boulder beetles
  2 two-headed ogres
  An orc high priest (Orc:2)
  A skyshark (Lair:2)
  A skeletal warrior (D:11)
  A pharaoh ant (Lair:2)
  A goliath frog (Swamp:1)
  A spriggan druid (Swamp:1)
  2 wizards (D:15)
  3 swamp dragons (Swamp:1)
  An orc knight (Orc:2)
  3 necromancers (Lair:5)
  An orc sorcerer (Orc:2)
  A cyclops (D:9)
  A manticore (D:14)
  An ugly thing (D:14)
  8 elephants
  A black mamba (Lair:5)
  A slime creature (D:13)
  A naga mage (D:15)
  3 cane toads
  4 rime drakes (Lair:4)
  2 komodo dragons
  A polar bear (Lair:3)
  A hornet (Swamp:1)
  2 spectral elephants (Lair:5)
  2 shadows
  A spriggan (Swamp:1)
  A wraith (D:10)
  A wyvern (D:11)
  2 fire elementals (D:13)
  22 yaks
  A basilisk (D:12)
  A redback (Lair:2)
  A vampire mosquito (D:11)
  An acid dragon (D:11)
  A swamp worm (Swamp:2)
  6 water moccasins
  A two-headed ogre zombie (D:12)
  2 swamp drakes
  2 orc warriors
  2 centaurs (D:6)
  A wolf (Lair:1)
  An elephant skeleton (Lair:5)
  A kobold brigand (D:7)
  2 bullfrogs (Lair:4)
  7 wights
  2 water moccasin zombies (Ossuary)
  8 killer bees
  A howler monkey (D:8)
  2 bullfrog zombies (Ossuary)
  2 centaur zombies (Ossuary)
  2 orc priests
  A hound (D:6)
  A jelly (D:6)
  8 orc wizards
  An iguana (Lair:3)
  A hell rat (Lair:5)
  An ogre zombie (D:12)
  A gnoll (D:7)
  An adder (D:5)
  A white imp (D:6)
  An adder zombie (Ossuary)
  8 orcs
  A gnoll zombie (Ossuary)
  4 kobolds
  2 goblin zombies (Ossuary)
  A hobgoblin zombie (Ossuary)
  An orc skeleton (D:12)
  5 orc zombies
168 creatures vanquished.

Vanquished Creatures (others)
  An orc priest (Orc:2)
  24 hexers
  5 foxfires (Swamp:2)
30 creatures vanquished.

Grand Total: 755 creatures vanquished

Notes
Turn   | Place    | Note
-------+----------+-------------------------------------------
     0 | D:1      | Demosthentine the Demonspawn Gladiator began the quest for
                  | the Orb.
     0 | D:1      | Reached XP level 1. HP: 16/16 MP: 1/1
   107 | D:1      | Gained mutation: You may rarely emit foul miasma when
                  | damaged in melee. [demonic ancestry]
   107 | D:1      | Reached XP level 2. HP: 18/22 MP: 2/2
   599 | D:1      | Found Liwob's Antique Weapon Emporium.
   779 | D:1      | Gained mutation: You have large cloven feet. [demonic
                  | ancestry]
   779 | D:1      | Reached XP level 3. HP: 28/28 MP: 3/3
   788 | D:1      | Reached skill level 1 in Armour
  1355 | D:2      | Found a faded altar of an unknown god.
  1662 | D:3      | Gained mutation: You have hoof-like feet. [demonic
                  | ancestry]
  1662 | D:3      | Reached XP level 4. HP: 26/34 MP: 4/4
  1840 | D:3      | Found a snail-covered altar of Cheibriados.
  1933 | D:3      | Noticed a +0 hand axe
  1933 | D:3      | Noticed a +0 hand axe
  1934 | D:3      | Found a hide-covered altar of Uskayaw.
  2045 | D:3      | Identified the amulet of Comoym {Spirit rF+}
  2496 | D:4      | Noticed Blork the orc
  2568 | D:4      | Killed Blork the orc
  2569 | D:4      | Gained mutation: When seriously injured, your blood forms
                  | armour. (AC +12) [demonic ancestry]
  2569 | D:4      | Reached XP level 5. HP: 27/41 MP: 2/5
  2640 | D:4      | Found a staircase to the Ecumenical Temple.
  2663 | Temple   | Entered the Ecumenical Temple
  2684 | Temple   | Became a worshipper of Hepliaklqana the Forgotten
  2735 | D:4      | Found a burning altar of Makhleb.
  3112 | D:4      | Noticed an ogre
  3121 | D:4      | Killed an ogre
  3122 | D:4      | Gained mutation: When seriously injured, your blood forms
                  | thick armour. (AC +12) [demonic ancestry]
  3122 | D:4      | Reached XP level 6. HP: 47/47 MP: 6/6
  3178 | D:4      | Reached * piety under Hepliaklqana
  3488 | D:5      | Entered Level 5 of the Dungeon
  3712 | D:5      | Reached XP level 7. HP: 41/48 MP: 7/7
  3959 | D:5      | Noticed Ijyb
  3964 | D:5      | Killed Ijyb
  4136 | D:5      | Noticed a fire elemental
  4137 | D:5      | Found a stormy altar of Qazlal.
  4140 | D:5      | Noticed a water elemental
  4140 | D:5      | Noticed an air elemental
  4533 | D:5      | Reached skill level 5 in Polearms
  4533 | D:5      | Reached skill level 5 in Dodging
  4699 | D:5      | Gained mutation: When seriously injured, your blood forms
                  | very thick armour. (AC +12) [demonic ancestry]
  4699 | D:5      | Reached XP level 8. HP: 54/54 MP: 8/8
  4805 | D:5      | Reached skill level 5 in Fighting
  5174 | D:6      | Identified the +1 leather armour of the King of the Hill
                  | {rF+ Will+}
  5282 | D:6      | Found Acofoq's Self-Published Books.
  5335 | D:6      | Reached ** piety under Hepliaklqana
  5343 | D:6      | Remembered your ancestor Ntombi as a hexer
  5745 | D:6      | Found a blossoming altar of Fedhas.
  5881 | D:7      | Reached skill level 5 in Armour
  5915 | D:7      | Found an iron altar of Okawaru.
  5918 | D:7      | Noticed Prince Ribbit
  5923 | D:7      | Gained mutation: You have hooves in place of feet. [demonic
                  | ancestry]
  5923 | D:7      | Reached XP level 9. HP: 60/62 MP: 9/9
  5933 | D:7      | Killed Prince Ribbit
  6208 | D:7      | Identified the +2 leather armour of a Gauntlet {-Cast
                  | Rampage +Inv rCorr}
  6592 | D:8      | Found a sand-covered staircase.
  6596 | Ossuary  | Entered an ossuary
  6791 | Ossuary  | Noticed a silent spectre
  6885 | D:8      | Reached XP level 10. HP: 25/71 MP: 10/10
  7304 | D:8      | Reached *** piety under Hepliaklqana
  8010 | D:9      | Noticed a cyclops
  8024 | D:9      | Killed a cyclops
  8025 | D:9      | Reached skill level 1 in Invocations
  8030 | D:9      | Identified the +1 pair of boots of Uholanux {Int+2}
  8114 | D:9      | Reached skill level 2 in Invocations
  8225 | D:9      | Found a sacrificial altar of Ru.
  8300 | D:9      | Noticed a two-headed ogre
  8311 | D:9      | Killed a two-headed ogre
  8312 | D:9      | Reached skill level 3 in Invocations
  8443 | D:9      | Found Fiypupn's Magic Scroll Boutique.
  8478 | D:9      | Bought a scroll of fear for 56 gold pieces
  8478 | D:9      | Bought a scroll of identify for 28 gold pieces
  8478 | D:9      | Bought a scroll of identify for 28 gold pieces
  8478 | D:9      | Bought a scroll of blinking for 105 gold pieces
  8545 | D:9      | Noticed Maggie
  8554 | D:9      | Killed Maggie
  8555 | D:9      | Reached skill level 4 in Invocations
  8729 | D:9      | Noticed a two-headed ogre
  8735 | D:9      | Killed a two-headed ogre
  8736 | D:9      | Reached skill level 5 in Invocations
  8797 | D:10     | Entered Level 10 of the Dungeon
  8907 | D:10     | Reached XP level 11. HP: 42/78 MP: 12/15
  9394 | D:10     | Identified the +3 leather armour of a bailey {Harm Rampage
                  | rF+}
  9464 | D:10     | Reached **** piety under Hepliaklqana
  9479 | D:10     | Reached skill level 6 in Invocations
  9708 | D:10     | Noticed Josephine
  9719 | D:10     | Killed Josephine
 10181 | D:11     | Noticed a two-headed ogre
 10193 | D:11     | Killed a two-headed ogre
 10194 | D:11     | Reached skill level 7 in Invocations
 10416 | D:11     | Found a staircase to the Lair.
 10506 | D:11     | Noticed a two-headed ogre
 10515 | D:11     | Killed a two-headed ogre
 10770 | D:11     | Reached skill level 8 in Invocations
 10893 | D:11     | Found a transporter.
 10893 | D:11     | Found Vaqymel's Book Shoppe.
 10931 | D:11     | Found a transporter.
 10974 | D:11     | Reached skill level 10 in Fighting
 11063 | D:11     | Identified the +2 ring mail of the Wild Haggis {Harm rC-
                  | rCorr Str+5}
 11185 | D:11     | Found Siolez's Jewellery Shoppe.
 11564 | D:12     | Gained mutation: Spells you cast may paralyse adjacent
                  | enemies. [demonic ancestry]
 11564 | D:12     | Reached XP level 12. HP: 87/87 MP: 18/18
 12091 | D:11     | Reached skill level 9 in Invocations
 12330 | D:12     | Reached ***** piety under Hepliaklqana
 12497 | D:12     | Found a staircase to the Orcish Mines.
 12512 | D:12     | Reached skill level 10 in Dodging
 12517 | D:12     | Reached skill level 10 in Polearms
 13221 | D:12     | Reached skill level 10 in Invocations
 13859 | D:13     | Noticed a centaur warrior
 13889 | D:13     | Killed a centaur warrior
 14106 | D:13     | Found a runed translucent door.
 14126 | D:13     | Noticed a two-headed ogre
 14127 | D:13     | Noticed spiderkeys's ghost (journeyman OpSh)
 14127 | D:13     | Noticed a frost giant
 14136 | D:13     | Killed a two-headed ogre
 14280 | D:13     | Noticed a centaur warrior
 14286 | D:13     | Killed a centaur warrior
 14287 | D:13     | Reached skill level 11 in Invocations
 14287 | D:13     | Reached XP level 13. HP: 66/95 MP: 21/21
 14871 | D:13     | Killed a frost giant
 14878 | D:13     | Killed spiderkeys's ghost
 14880 | D:13     | Identified the +6 quarterstaff of the Ten Emperors {venom,
                  | Str+3 Dex+3}
 14945 | D:14     | Found a radiant altar of Vehumet.
 15132 | D:14     | Noticed Azrael
 15398 | D:14     | Killed Azrael
 15631 | D:14     | Found a gate to the Vaults.
 15867 | D:14     | Found a shimmering blue altar of Sif Muna.
 15869 | D:14     | Found a shimmering altar of Xom.
 15869 | D:14     | Found a hazy altar of Hepliaklqana.
 15871 | D:14     | Found an ornate altar of the Wu Jian Council.
 15871 | D:14     | Found an iron altar of Okawaru.
 15871 | D:14     | Found an ancient bone altar of Kikubaaqudgha.
 16047 | D:14     | Reached skill level 12 in Invocations
 16441 | D:15     | Entered Level 15 of the Dungeon
 17388 | D:15     | Found a staircase to the Depths.
 17780 | D:15     | Reached skill level 13 in Invocations
 17780 | D:15     | Reached XP level 14. HP: 80/104 MP: 23/23
 18390 | Lair:1   | Entered Level 1 of the Lair of Beasts
 18676 | Lair:1   | Found a transporter.
 19237 | Lair:1   | Found a transporter.
 19269 | Lair:1   | Identified the +1 leather armour "Dit Don" {+Blink rC++}
 19936 | Lair:2   | Identified the +7 arbalest of Feghaq {flame, rC+ Will+
                  | Int+3}
 20061 | Lair:2   | Reached ****** piety under Hepliaklqana
 20351 | Lair:2   | Found a hole to the Spider Nest.
 20725 | Lair:2   | Identified a scroll of acquirement
 20725 | Lair:2   | Acquired the ring of Gucuenoa {Wiz rElec Str+2 Int+5}
 20878 | Lair:3   | You fall into a shaft and drop 2 floors!
 20878 | Lair:5   | Entered Level 5 of the Lair of Beasts
 21028 | Lair:5   | Reached skill level 14 in Invocations
 21502 | Lair:3   | Found a staircase to the Swamp.
 22699 | Lair:4   | Reached XP level 15. HP: 112/112 MP: 24/26
 23041 | Lair:5   | Found a staircase to the Slime Pits.
 23312 | Lair:5   | Reached skill level 15 in Invocations
 23733 | Lair:5   | Identified the +0 helmet of Wonn {Fly rF++}
 24831 | Orc:1    | Entered Level 1 of the Orcish Mines
 24856 | Orc:1    | Noticed Nergalle
 24870 | Orc:1    | Killed Nergalle
 25436 | Orc:2    | Entered Level 2 of the Orcish Mines
 25437 | Orc:2    | Noticed Erolcha
 25443 | Orc:2    | Killed Erolcha
 25592 | Orc:2    | Found a staircase to the Elven Halls.
 25644 | Orc:2    | Noticed Rupert
 25662 | Orc:2    | Killed Rupert
 25807 | Orc:2    | Found Qankelul's Book Shop.
 26315 | Orc:2    | Reached skill level 16 in Invocations
 26659 | Orc:2    | Found Fiddixto's Distillery.
 26660 | Orc:2    | Found Serog's Distillery.
 26666 | Orc:2    | Found Ponum's Assorted Antiques.
 26672 | Orc:2    | Bought a potion of curing for 66 gold pieces
 26672 | Orc:2    | Bought a scroll of blinking for 165 gold pieces
 26690 | Orc:2    | Bought a potion of curing for 42 gold pieces
 26690 | Orc:2    | Bought a potion of curing for 42 gold pieces
 26690 | Orc:2    | Bought a potion of curing for 42 gold pieces
 26690 | Orc:2    | Bought a potion of might for 56 gold pieces
 26692 | Orc:2    | Bought a potion of curing for 36 gold pieces
 27350 | Swamp:1  | Entered Level 1 of the Swamp
 27673 | Swamp:1  | Reached skill level 1 in Shields
 27898 | Swamp:1  | Got the Handbook of Reformed Ceraunoscopy
 28171 | Swamp:2  | Gained mutation: You sometimes emit foul miasma when
                  | damaged in melee. [demonic ancestry]
 28171 | Swamp:2  | Reached XP level 16. HP: 62/120 MP: 28/28
 28375 | Swamp:2  | HP: 6/120 [will-o-the-wisp/foxfire (5)]
 28376 | Swamp:2  | Killed from afar by a will-o-the-wisp

Illustrated notes

Levels and vault maps discovered:
D:1:      pf_arrival_petrified_forest, layout_basic, serial_shops,
          nicolae_shop_gibbet_a_chance
D:2:      layout_basic, ebering_ecumenical_altar_petrified, minmay_hedge_maze
D:3:      layout_loops_ring, mainiacjoe_overflow_six_doors_small,
          nicolae_tso_swordbearing_angel, dancing_weapons_uskayaw
D:4:      layout_basic, makhleb_heckhound_becter, minmay_temple_entry_slanted,
          serial_park_tiny_pond, uniq_blork_the_orc
D:5:      layout_basic, nicolae_qazlal_style_of_elements, uniq_ijyb
D:6:      layout_cave_pools, mainiacjoe_overflow_alcove_2, nicolae_custom_books
D:7:      layout_rooms, okawaru_gym_becter, uniq_prince_ribbit1
D:8:      layout_basic, nicolae_ossuary_entry_plus
D:9:      layout_loops_ring, mainiacjoe_overflow_divided_tiny, serial_shops,
          nicolae_stop_n_shop_2, uniq_maggie
D:10:     layout_irregular_city, uniq_josephine
D:11:     gammafunk_indiana_jones, layout_long_grid, erik_lair_dragon,
          serial_shops, shop, nicolae_shop_drivethru
D:12:     layout_loops_ring, zombieorc2_lemuel
D:13:     layout_stronghold, ebering_ghost_inner_flame
D:14:     layout_irregular_city, david_vaults_4, doesnt_xom_only_xom,
          nicolae_vehumet_radiance, uniq_azrael
D:15:     grunt_enter_depths_magical_seal, layout_loops_cross,
          small_statue_alley_a
Temple:   nicolae_temple_figure_eight
Lair:1:   gammafunk_cloud_chamber, layout_chaotic_city, grunt_megastairs_3,
          infiniplex_staircase_pool, lemuel_fruit_fields
Lair:2:   layout_cave_pods, nicolae_spider_entry_lesser_pyramids,
          lemuel_fruit_fields, grunt_megastairs_4, serial_bayou_shore_b
Lair:3:   layout_loops_ring, minmay_swamp_entry_reptiles, grunt_megastairs_5,
          infiniplex_staircase_pool_2
Lair:4:   layout_big_grid, minmay_lair_drake_nest
Lair:5:   due_jungle_book, layout_cellular_growth,
          nicolae_slime_entry_slimehenge, lemuel_fruit_fields
Swamp:1:  layout_basic_swamp, nicolae_swamp_ascending_descending
Swamp:2:  layout_basic_swamp, evilmike_swamp_ruin_house_3, swamp_pool5,
          nicolae_swamp_rocky_clearing, nicolae_swamp_bunyip_nook
Orc:1:    layout_caves, uniq_nergalle
Orc:2:    st_orc_elflike, layout_diamond_mine, basic_altar, uniq_rupert,
          uniq_erolcha

Skill      XL: |  1  2  3  4  5  6  7  8  9 10 11 12 13 14 15 16 |
---------------+-------------------------------------------------+-----
Polearms       | 3 4 5 6 7 8 9 10 11 12 13 | 13.9
Dodging        | 3 4 5 6 7 8 9 10 11 12 13 | 13.9
Armour         | 1 2 3 4 5 6 |  6.6
Fighting       | 3 4 6 7 8 10 11 12 13 14 | 14.9
Invocations    | 5 8 11 13 14 16 | 16.2
Shields        | 1 2 |  2.2
Throwing       | |  1.7

Action                     |  1- 3 |  4- 6 |  7- 9 | 10-12 | 13-15 | 16-18 || total
---------------------------+-------+-------+-------+-------+-------+-------++-------
  Melee: Trident           |   141 |   135 |   331 |   687 |  1655 |    55 ||  3004
         Kick              |    13 |    20 |    84 |   217 |   598 |    16 ||   948
         Punch             |       |       |     5 |     9 |    21 |     1 ||    36
  Throw: Throwing net      |       |     3 |       |       |     2 |       ||     5
 Invoke: Ancestor Life: He |       |       |     1 |       |       |       ||     1
         Recall Ancestor   |       |       |       |     2 |     8 |       ||    10
    Use: Scroll            |     6 |     3 |     7 |    12 |     7 |     1 ||    36
         Potion            |       |       |       |     6 |     6 |       ||    12
   Stab: Sleeping          |     3 |       |       |     3 |     1 |       ||     7
         Held in net/web   |       |     2 |       |       |       |       ||     2
         Distracted        |       |     1 |     5 |     7 |    33 |     2 ||    48
         Confused          |       |       |     4 |     8 |    28 |     1 ||    41
         Paralysed         |       |       |       |       |    68 |     5 ||    73
         Invisible         |       |       |       |       |     3 |       ||     3
 Armour: Leather armour    |    37 |    36 |    92 |   118 |   232 |     5 ||   520
  Dodge: Dodged            |    84 |    55 |   190 |   295 |   721 |    31 ||  1376
  Block: Other             |       |       |    47 |    85 |    83 |       ||   215
         Reflection        |       |       |     4 |     4 |     3 |       ||    11

Table legend: (Time is in decaauts)
 A = Elapsed time spent in this place.
 B = Non-inter-level travel time spent in this place.
 C = Inter-level travel time spent in this place.
 D = Time resting spent in this place.
 E = Time spent auto-exploring this place.
 F = Levels seen in this place.
 G = Mean time per level.
                   A        B        C        D        E       F      G
               +--------+--------+--------+--------+--------+-----+--------+
         Total |  27755 |  26212 |   1543 |   1254 |  20104 |  26 | 1067.5 |
       Dungeon |  18468 |  17510 |    958 |   1150 |  13428 |  15 | 1231.2 |
        Temple |     38 |     19 |     19 |      0 |      0 |   1 |   38.0 |
          Lair |   6311 |   5859 |    452 |     90 |   4500 |   5 | 1262.2 |
         Swamp |    879 |    865 |     14 |      0 |    632 |   2 |  439.5 |
  Orcish Mines |   1826 |   1728 |     98 |     14 |   1409 |   2 |  913.0 |
       Ossuary |    230 |    230 |      0 |      0 |    134 |   1 |  230.0 |
               +--------+--------+--------+--------+--------+-----+--------+

Top non-repeatable levels by time:
    D:12: 2085 daAuts
    D:11: 2077 daAuts
  Lair:5: 1789 daAuts
    D:15: 1760 daAuts
     D:5: 1513 daAuts
  Lair:1: 1372 daAuts
    D:10: 1364 daAuts
   Orc:2: 1354 daAuts
    D:13: 1335 daAuts
    D:14: 1286 daAuts
     D:8: 1244 daAuts
  Lair:2: 1209 daAuts
  Lair:3: 1091 daAuts
     D:3: 989 daAuts
     D:4: 905 daAuts
